 Dungeon Sprint DCSS version 0.30-a0-223-gcb0039aa0c (webtiles) character file.

Game seed: 9095385379156823144

67 mhtbhm the Cudgeller (level 4, 13/44 HPs)
             Began as an Armataur Berserker on Oct 9, 2022.
             Was a Priest of Trog.
             Quit the game in the Dungeon (Sprint IX: "|||||||||||||||||||||||||||||").
             The game lasted 00:00:24 (50 turns).

mhtbhm the Cudgeller (Armataur Berserker)             Turns: 50, Time: 00:00:25

Health: 13/44      AC:  4    Str: 24    XL:     4   Next: 0%
Magic:  4/4        EV: 10    Int:  8    God:    Trog [***...]
Gold:   0          SH:  0    Dex:  9    Spells: 3/3 levels left

rFire   . . .      SeeInvis .    a - +0 mace
rCold   . . .      Faith    .    (no shield)
rNeg    . . .      Spirit   .    b - +0 animal skin
rPois   .          Reflect  .    (no helmet)
rElec   .          Harm     .    (no cloak)
rCorr   .          Roll     +    (no gloves)
Will    .....      NoTele   +    (no barding)
Stlth   +.........               (no amulet)
HPRegen 0.27/turn                (no ring)
MPRegen 0.09/turn                (no ring)

@: lethally poisoned (13 -> -14), on berserk cooldown, hasted and slowed
A: large, rugged brown scales 3, deformed body, armoured tail, roll, long
tongue, awkward tongue
a: Renounce Religion, Berserk, Trog's Hand


You were in the Dungeon.
You worshipped Trog.
Trog was most pleased with you.
You visited 1 branch

Inventory:

Hand Weapons
 a - a +0 mace (weapon)
Armour
 b - a +0 animal skin (worn)
Scrolls
 h - a scroll of blinking
Potions
 f - 2 potions of magic
 g - a potion of berserk rage


   Skills:
 + Level 5.1 Fighting
 + Level 5.2 Maces & Flails
 + Level 3.8 Armour
 + Level 2.3 Dodging


You had 3 spell levels left.
You didn't know any spells.
Your spell library was empty.

Dungeon Overview and Level Annotations

Branches:
Dungeon (1/1)

Altars:


Innate Abilities, Weirdness & Mutations

You are completely covered in rugged brown scales. (AC +3, +7% HP)
Armour fits poorly on your strangely shaped body.
You have a long armoured tail.
You roll when moving toward enemies. (Rampage)
Your long tongue fully drains potion bottles. (2x potion effects)
Your tongue gives you trouble enunciating. (1.5x scroll delay)


Message History

You feel very sick.
* * * LOW HITPOINT WARNING * * *
You feel very sick.
You feel your anger nearly subside.
You are no longer berserk.
You are exhausted.
You feel yourself slow down.
* * * LOW HITPOINT WARNING * * *
You feel very sick.
Unknown command.
You feel better. The water moccasin misses you. The water moccasin bites you.
* * * LOW HITPOINT WARNING * * *
Unknown command.
You feel much better.
You are no longer corroded.
The water moccasin bites you but does no damage.
The water moccasin closely misses you.
You feel yourself speed up. The water moccasin bites you.
You are poisoned.
The water moccasin poisons you! The water moccasin bites you.
You are more poisoned.
The water moccasin poisons you!
Okay, then.
You closely miss the water moccasin.
The water moccasin is lightly wounded.
You feel extremely sick. The water moccasin bites you. x2
You closely miss the water moccasin.
The water moccasin is lightly wounded.
You feel very sick. The water moccasin barely misses you.
You barely miss the water moccasin.
The water moccasin is lightly wounded.
You feel very sick. The water moccasin bites you.
* * * LOW HITPOINT WARNING * * *
You are lethally poisoned!
The water moccasin poisons you!
The water moccasin bites you but does no damage.
Unknown command.
Are you sure you want to abandon this character and quit the game? (Confirm with "yes".) ▓▓▓▓▓▓▓▓▓▓▓▓▓▓▓▓▓▓ ▓<...))@S..)†....+ ▓▓▓▓▓▓▓▓▓▓▓▓▓▓▓▓▓▓

You could see a water moccasin.

Vanquished Creatures
  A jelly (D)
  An iguana (D)
  An orc (D)
  A ball python (D)
  A hobgoblin (D)
  A jackal (D)
  3 kobolds (D)
9 creatures vanquished.

Notes
Turn   | Place    | Note
-------+----------+-------------------------------------------
     0 | D        | mhtbhm the Armataur Berserker began the quest for the Orb.
     0 | D        | Reached XP level 1. HP: 19/19 MP: 1/1
     8 | D        | Reached ** piety under Trog
    23 | D        | Noticed a jelly
    23 | D        | Noticed an iguana
    23 | D        | Noticed a water moccasin
    27 | D        | Reached XP level 2. HP: 27/27 MP: 2/2
    30 | D        | Reached *** piety under Trog
    33 | D        | Reached XP level 3. HP: 36/36 MP: 3/3
    35 | D        | Reached skill level 5 in Fighting
    35 | D        | Reached skill level 5 in Maces & Flails
    35 | D        | Reached XP level 4. HP: 44/44 MP: 4/4
    43 | D        | HP: 2/44 [poisoned by a water moccasin]
    50 | D        | Quit the game

Illustrated notes

Levels and vault maps discovered:
D:        linesprint [early_d, line_temple, items_1, d_10, items_2, lair_1,
          lair_end, items_3, orc_1, orc_end, items_4, d_15, swamp_1, shoals_1,
          snake_1, spider_1, d_20, vaults_1, items_5, swamp_end, shoals_end,
          snake_end, spider_end, vaults_end, d_27, items_6, zot_1, zot_end,
          crypt_end, forest_end, elf_end, slime_end, tomb_end, abyss_end,
          pan_hell_end]

Skill      XL: |  1  2  3 |
---------------+----------+-----
Fighting       | 3 4 5 |  5.1
Maces & Flails | 3 4 5 |  5.2
Armour         | 3 |  3.8
Dodging        | 2 |  2.3

Action                   |  1- 3 |  4- 6 || total
-------------------------+-------+-------++-------
Melee: Mace              |    18 |     8 ||    26
Invok: Berserk           |     1 |       ||     1
  Use: Potion            |       |     3 ||     3
Armor: Animal skin       |     2 |     2 ||     4
Dodge: Dodged            |     8 |     5 ||    13

Table legend: (Time is in decaauts)
 A = Elapsed time spent in this place.
 B = Non-inter-level travel time spent in this place.
 C = Inter-level travel time spent in this place.
 D = Time resting spent in this place.
 E = Time spent auto-exploring this place.
 F = Levels seen in this place.
 G = Mean time per level.
                   A        B        C        D        E       F      G
               +--------+--------+--------+--------+--------+-----+--------+
         Total |     49 |     49 |      0 |      6 |      3 |   1 |   49.0 |
       Dungeon |     49 |     49 |      0 |      6 |      3 |   1 |   49.0 |
               +--------+--------+--------+--------+--------+-----+--------+

Top non-repeatable levels by time:
       D: 49 daAuts
